cohdb
Replays
Latest Replays
All Replays
Popular Replays
Top Player Replays
Match Explorer
How It Works
Community
CoH3 Stats
Reddit
Sign in to upload your games and track your stats! →
Sign in with Steam
Match 42521926
Unlisted
Match 42521926
Overview
Messages
Build Orders
End
Kradschützen Motorcycle Team
Selects Battlefield Espionage Battlegroup
Panzergrenadier Squad
250 Light Carrier
Panzerpioneer Squad
Construct Light Support Kompanie
Combat Half-tracks
Assault Grenadier Squad
Panzerjäger Mechanized Group
Fire Support Elements
Selects Intel Disruption Beacon
Flakvierling Half-track
Vehicle Survival Package
Selects Plunder
Make a wish™ |
Foreskin
0
0
Comments
sign in to comment!
No comments posted yet!